 Dungeon Crawl Stone Soup version 0.18.1-6-gd335043 (webtiles) character file.

4202 GodzillaBlitz the Severer (level 10, 0/93 HPs)
             Began as a Hill Orc Gladiator on May 19, 2016.
             Was an Elder of Okawaru.
             Slain by deifeln's ghost (21 damage)
             ... on level 10 of the Dungeon.
             The game lasted 00:29:18 (11995 turns).

GodzillaBlitz the Severer (Hill Orc Gladiator)     Turns: 11995, Time: 00:29:19

Health: 0/93       AC: 13    Str: 19    XL:     10   Next: 29%
Magic:  10/10      EV:  7    Int:  8    God:    Okawaru [****..]
Gold:   236        SH:  3    Dex: 14    Spells: 0 memorised, 9 levels left

rFire  . . .     SeeInvis .     a - +1 war axe
rCold  . . .     Gourm    .     m - +0 chain mail
rNeg   + . .     Faith    .     x - +0 buckler
rPois  .         Spirit   .     c - +0 helmet
rElec  .         Dismiss  .     I - +2 cloak
rCorr  .         Reflect  .     (no gloves)
SustAt .         Harm     .     B - +0 pair of boots
MR     +....                    (no amulet)
Stlth  ..........               N - ring of protection from magic
                                S - ring of positive energy

@: very slightly contaminated, hasted, invisible, very quick, somewhat resistant
to hostile enchantments, extremely unstealthy
A: no striking features
a: Heroism, Renounce Religion


You were on level 10 of the Dungeon.
You worshipped Okawaru.
Okawaru was greatly pleased with you.
You were not hungry.

You visited 2 branches of the dungeon, and saw 11 of its levels.

You collected 459 gold pieces.
You spent 223 gold pieces at shops.

Inventory:

Hand Weapons
 a - a +1 war axe (weapon)
 n - a +0 whip
 p - a +0 war axe
 s - a +1 dagger of venom
 u - a +0 mace
 v - the +4 trident of Prescription {holy, rN+ Str+3}
   (You found it on level 10 of the Dungeon)

   It has been blessed by the Shining One to cause great damage to the undead
   and demons.
   It affects your strength (+3).
   It protects you from negative energy.
 G - a +0 blowgun
 K - a +0 long sword
 Q - a +0 whip of flaming
 Y - a cursed +3 mace
Missiles
 d - 4 throwing nets
 e - 438 stones (quivered)
 h - 104 arrows
 P - 5 tomahawks
 V - 11 poisoned needles
Armour
 c - a +0 helmet (worn)
 m - a +0 chain mail (worn)
 x - a +0 buckler (worn)
 y - a +0 scale mail
 B - a +0 pair of boots (worn)
 C - a +0 leather armour
 I - a +2 cloak (worn)
Jewellery
 f - an uncursed ring of resist corrosion
 N - a ring of protection from magic (right hand)
 S - a ring of positive energy (left hand)
Wands
 z - a wand of digging (22/24)
 H - a wand of disintegration (9/24)
 M - a wand of flame (35/48)
 O - a wand of polymorph (13/24)
Scrolls
 g - 5 scrolls of immolation
 l - 6 scrolls of teleportation
 q - 4 scrolls of noise
 r - 2 scrolls of recharging
 w - 2 scrolls of fog
 J - a scroll of blinking
 R - a scroll of remove curse
 T - a scroll of enchant weapon
Potions
 b - 4 potions of flight
 i - 4 potions of curing
 j - a potion of agility
 k - 2 potions of cancellation
Books
 A - a book of Debilitation

   Spells                             Type                      Level
   a - Corona                         Hexes                        1
   b - Slow                           Hexes                        2
   c - Gell's Gravitas                Hexes/Translocation          3
   d - Inner Flame                    Hexes/Fire                   3
   e - Cause Fear                     Hexes                        4
   f - Leda's Liquefaction            Hexes/Earth                  4
 F - a Grand Grimoire

   Spells                             Type                      Level
   a - Monstrous Menagerie            Summoning                    7
   b - Summon Greater Demon           Summoning                    7
   c - Malign Gateway                 Summoning/Translocation      7
   d - Summon Horrible Things         Summoning                    8
Miscellaneous
 W - a plain deck of summoning
Comestibles
 o - 2 meat rations
 t - 6 bread rations
 L - 3 fruits
 U - 8 slices of pizza
 Z - 6 chunks of flesh


   Skills:
 + Level 10.2 Fighting
 * Level 15.2 Axes
 - Level 1.7 Throwing
 - Level 2.4 Dodging


You had 9 spell levels left.
You didn't know any spells.

Dungeon Overview and Level Annotations

Branches:
Dungeon (10/15)            Temple (1/1) D:6
   Lair: D:8-11         Orc: D:9-12

Altars:
Ashenzari
Cheibriados
Dithmenos
Elyvilon
Fedhas
Gozag
Kikubaaqudgha
Makhleb
Nemelex Xobeh
Okawaru
Pakellas
Qazlal
Ru
Sif Muna
Trog
Vehumet
Xom
Yredelemnul
Zin
The Shining One

Shops:
D:4 ?   D:5 !   D:6 %

Annotations:
D:10 deifeln's ghost, journeyman HOBe


Message History

Deifeln's ghost is severely damaged.
Deifeln's ghost hits you.
* * * LOW HITPOINT WARNING * * *
You hit deifeln's ghost.
Deifeln's ghost is severely damaged.
Deifeln's ghost crushes a nearby insect and laughs.
You block deifeln's ghost's attack.
Drink which item? (? for menu, Esc to quit)
You feel much better.
Deifeln's ghost whispers, "There is no future for you."
Deifeln's ghost hits you but does no damage.
Drink which item? (? for menu, Esc to quit)
You feel yourself speed up. Deifeln's ghost hits you!!
* * * LOW HITPOINT WARNING * * *
You hit deifeln's ghost.
Deifeln's ghost is almost destroyed.
You closely miss deifeln's ghost.
Deifeln's ghost is almost destroyed.
Deifeln's ghost hits you!!
You die...

#.........#.
.........'
........
....?.# .....#
....# #W#.# ≈#
####@#.# ≈#
#....#.#≈≈#
##'####.#≈≈#
.##
#.......#≈≈#
.#≈##
#.......#≈##
#≈≈≈#
#.......# #
≈≈≈≈
#.......## .
#≈≈##........#
...
≈≈≈#........#


You could see deifeln's ghost.

Vanquished Creatures
  The ghost of exodus the Insei, a novice OpMo (D:7)
  Grinder (D:3)
  A spriggan (D:8)
  A steam dragon (D:9)
  A hippogriff (D:7)
  2 hungry ghosts
  A water moccasin (D:7)
  An orc warrior (D:6)
  A black bear (D:9)
  A sky beast (D:6)
  A necrophage (D:8)
  An ogre (D:6)
  A centaur (D:7)
  A big kobold (D:8)
  4 giant frogs
  7 scorpions
  8 wights
  A howler monkey (D:5)
  4 crimson imps
  2 centaur zombies (D:9)
  3 jellies
  A giant frog zombie (D:7)
  2 centaur skeletons (D:6)
  3 hounds
  3 orc priests
  2 giant frog skeletons
  3 orc wizards
  An iguana (D:10)
  8 worker ants
  3 gnolls (D:4)
  A howler monkey skeleton (D:8)
  15 adders
  3 shadow imps
  An ooze (D:3)
  6 worms
  An adder skeleton (D:6)
  2 dart slugs
  15 orcs
  13 bats
  5 giant cockroaches
  5 goblins
  7 hobgoblins
  19 jackals
  7 quokkas
  A giant gecko skeleton (D:8)
  4 giant newts
  A jackal skeleton (D:6)
  15 kobolds
  8 rats
199 creatures vanquished.

Vanquished Creatures (others)
  A hippogriff (D:9)
  4 fungi (D:7)
5 creatures vanquished.

Grand Total: 204 creatures vanquished

Notes
Turn   | Place    | Note
--------------------------------------------------------------
     0 | D:1      | GodzillaBlitz the Hill Orc Gladiator began the quest for the Orb.
     0 | D:1      | Reached XP level 1. HP: 18/18 MP: 1/1
   413 | D:1      | Reached XP level 2. HP: 21/25 MP: 2/2
  1348 | D:2      | Reached skill level 5 in Axes
  1348 | D:2      | Reached XP level 3. HP: 30/31 MP: 3/3
  1496 | D:2      | Found a sacrificial altar of Ru.
  1509 | D:2      | Reached XP level 4. HP: 26/38 MP: 4/4
  2065 | D:2      | Reached skill level 6 in Axes
  3213 | D:3      | Noticed Grinder
  3213 | D:3      | Paralysed by Grinder for 7 turns
  3224 | D:3      | Paralysed by Grinder for 2 turns
  3233 | D:3      | Killed Grinder
  3233 | D:3      | Reached skill level 7 in Axes
  3233 | D:3      | Reached XP level 5. HP: 31/47 MP: 5/5
  3233 | D:3      | Reached XP level 6. HP: 37/55 MP: 6/6
  3418 | D:3      | Reached skill level 8 in Axes
  3524 | D:3      | Found an iron altar of Okawaru.
  3532 | D:3      | Became a worshipper of Warmaster Okawaru
  3533 | D:3      | Found a faded altar to an unknown god.
  3663 | D:3      | Found a deep blue altar of Sif Muna.
  3882 | D:4      | Found a snail-covered altar of Cheibriados.
  3906 | D:4      | Reached skill level 5 in Fighting
  4245 | D:4      | Reached XP level 7. HP: 50/61 MP: 7/7
  4818 | D:4      | Found Umua's Magic Scroll Emporium.
  4824 | D:4      | Bought a scroll of identify for 28 gold pieces
  5078 | D:5      | Entered Level 5 of the Dungeon
  5103 | D:5      | Found Qyish's Distillery.
  5117 | D:5      | Bought a potion of degeneration for 13 gold pieces
  5117 | D:5      | Bought a potion of curing for 39 gold pieces
  5117 | D:5      | Bought a potion of curing for 39 gold pieces
  5117 | D:5      | Bought a potion of invisibility for 104 gold pieces
  5240 | D:5      | Reached skill level 9 in Axes
  5884 | D:5      | Noticed a hungry ghost
  5924 | D:5      | Killed a hungry ghost
  6341 | D:6      | Reached * piety under Okawaru
  6341 | D:6      | Reached skill level 10 in Axes
  6341 | D:6      | Reached XP level 8. HP: 55/71 MP: 8/8
  7009 | D:6      | Reached skill level 11 in Axes
  7521 | D:6      | Found Keihy's Food Shop.
  7845 | D:6      | Found a staircase to the Ecumenical Temple.
  7852 | Temple   | Entered the Ecumenical Temple
  8284 | D:7      | Reached ** piety under Okawaru
  8363 | D:7      | Reached skill level 12 in Axes
  8363 | D:7      | Reached XP level 9. HP: 81/81 MP: 9/9
  8839 | D:7      | Noticed exodus's ghost (novice OpMo)
  8868 | D:7      | Killed exodus's ghost
  8868 | D:7      | Reached skill level 13 in Axes
  9367 | D:8      | Found a stormy altar of Qazlal.
  9588 | D:8      | Reached *** piety under Okawaru
  9764 | D:8      | Reached skill level 14 in Axes
 10536 | D:9      | Reached XP level 10. HP: 92/92 MP: 10/10
 10779 | D:9      | Found a bloodstained altar of Trog.
 10779 | D:9      | Found an oddly glowing altar of Pakellas.
 10890 | D:9      | Reached skill level 10 in Fighting
 10906 | D:9      | Found a sacrificial altar of Ru.
 11227 | D:9      | Reached **** piety under Okawaru
 11319 | D:9      | Found a glowing golden altar of the Shining One.
 11360 | D:9      | Reached skill level 15 in Axes
 11440 | D:9      | Found an ancient bone altar of Kikubaaqudgha.
 11788 | D:10     | Entered Level 10 of the Dungeon
 11822 | D:10     | Got a smoking trident
 11823 | D:10     | Identified the +4 trident of Prescription {holy, rN+ Str+3} (You found it on level 10 of the Dungeon)
 11971 | D:10     | Noticed deifeln's ghost (journeyman HOBe)
 11995 | D:10     | Slain by deifeln's ghost

Skill      XL: |  1  2  3  4  5  6  7  8  9 10 |
---------------+-------------------------------+-----
Fighting       | 3 4 5 6 8 9 10 | 10.2
Axes           | 5 7 8 10 12 14 15 | 15.2
Throwing       | |  1.7
Dodging        | |  2.4

Action                   |  1- 3 |  4- 6 |  7- 9 | 10-12 || total
-------------------------+-------+-------+-------+-------++-------
Melee: War axe           |   103 |   133 |   441 |   139 ||   816
Throw: Stone             |     1 |    15 |     3 |     1 ||    20
Invok: Heroism           |       |       |     1 |     1 ||     2
  Use: Scroll            |       |       |    17 |     2 ||    19
       Potion            |       |       |     3 |     3 ||     6
 Stab: Paralysed         |       |     1 |       |       ||     1
       Invisible         |       |       |     3 |     3 ||     6
       Distracted        |       |       |       |     1 ||     1
  Eat: Chunk             |     2 |     5 |    21 |     6 ||    34
       Bread ration      |       |     1 |       |       ||     1
       Beef jerky        |       |       |     1 |       ||     1
       Pizza             |       |       |     1 |       ||     1
       Fruit             |       |       |     3 |       ||     3
Armor: Leather armour    |    23 |    13 |       |       ||    36
       Scale mail        |       |    25 |     8 |       ||    33
       Chain mail        |       |       |   234 |    57 ||   291
Dodge: Dodged            |    66 |    71 |   159 |    36 ||   332
Block: Buckler           |       |     5 |    56 |    12 ||    73
